 Dungeon Crawl Stone Soup version 0.29.1-1-gd02db6906a (webtiles) character file.

Game seed: 8472647246142960607

32 H0rd4k the Insei (level 3, -2/21 (23) HPs)
             Began as an Octopode Transmuter on Oct 19, 2022.
             Hit by a goblin thrown by Robin (3 damage)
             ... on level 2 of the Dungeon.
             The game lasted 00:00:45 (1394 turns).

H0rd4k the Insei (Octopode Transmuter)              Turns: 1394, Time: 00:00:46

HP:   -2/21 (23)    AC:  1    Str:  9    XL:     3   Next: 25%
MP:   6/6           EV: 13    Int: 17    God:
Gold: 70            SH:  0    Dex: 12    Spells: 5/6 levels left

rFire   . . .      SeeInvis .     - Unarmed
rCold   + . .      Faith    .   (no shield)
rNeg    . . .      Spirit   .   (helmet restricted)
rPois   .          Reflect  .   (no amulet)
rElec   .          Harm     .   g - ring of protection from cold
rCorr   .          Rampage  .   (no ring)
Will    .....                   (no ring)
Stlth   ++........              (no ring)
HPRegen 0.07/turn               (no ring)
MPRegen 0.10/turn               (no ring)
                                (no ring)
                                (no ring)

@: drained
A: almost no armour, amphibious, 8 rings, camouflage 1, gelatinous body 1,
(nimble swimmer 1), tentacles
a: no special abilities


You were on level 2 of the Dungeon.
You visited 1 branch of the dungeon, and saw 2 of its levels.

You collected 70 gold pieces.

Inventory:

Jewellery
 g - a ring of protection from cold (left tentacle)
Scrolls
 b - a scroll of teleportation {unknown}
 c - a scroll of identify {unknown}
 d - a scroll of fog {unknown}
 e - 2 scrolls of immolation {unknown}
Potions
 a - a potion of lignification
 f - a potion of resistance {unknown}
 h - 2 potions of curing {unknown}
 i - a potion of mutation {unknown}


   Skills:
 + Level 1.0 Fighting
 + Level 2.2 Dodging
 - Level 0.8 Stealth
 + Level 3.9 Unarmed Combat
 + Level 2.0 Spellcasting
 + Level 2.1 Transmutations


You had 5 spell levels left.
You knew the following spells:

 Your Spells              Type           Power      Damage    Failure   Level
a - Beastly Appendage     Tmut           18%        N/A       9%          1

Your spell library contained the following spells:

 Spells                   Type           Power      Damage    Failure   Level
 Wereblood                Tmut           9%         N/A       12%         2
 Spider Form              Tmut/Pois      5%         N/A       36%         3
 Ice Form                 Ice/Tmut       5%         N/A       77%         4


Dungeon Overview and Level Annotations

Branches:
Dungeon (2/15)

Altars:

Annotations:
D:2 Robin


Innate Abilities, Weirdness & Mutations

You cannot wear most types of armour.
You are amphibious.
You can wear up to eight rings at the same time.
Your skin changes colour to match your surroundings (Stealth+).
Your rubbery body absorbs attacks. (AC +1, EV +1)
((You are camouflaged when in or above water. (Stealth+)))
You have tentacles for arms and can constrict up to eight enemies at once.


Message History

You constrict the goblin, but do no damage.
Robin roars a battlecry!
The goblins go into a battle-frenzy!
The goblin misses you.
You tentacle-slap the goblin but do no damage.
The goblin is heavily wounded.
You constrict the goblin.
You kill the goblin!
The goblin misses you.
You tentacle-slap the goblin but do no damage.
You grab the goblin. You constrict the goblin.
A goblin comes into view. It is wielding a +0 dagger.
The goblin struggles to escape constriction.
You tentacle-slap the goblin.
You kill the goblin!
The goblin hits you but does no damage.
Robin hits you with a +0 dagger of draining.
You feel drained.
You tentacle-slap Robin. Your grab misses Robin.
Robin is moderately wounded.
The hobgoblin hits you. The goblin hits you with a +0 club.
Robin throws the goblin at you!
You are too injured to fight recklessly!
You are too injured to fight recklessly!
You are too injured to fight recklessly!
Unknown command.
The goblin attacks as you move away! The goblin barely misses you.
Robin attacks as you move away!
Robin hits you with a +0 dagger of draining.
You feel drained. The goblin closely misses you.
Robin says, "Bow before me, strongest of all the hobgoblins!"
Robin throws the goblin at you! The goblin attacks as you move away!
The goblin hits you with a +0 dagger.
* * * LOW HITPOINT WARNING * * *
The goblin hits you with a +0 dagger.
* * * LOW HITPOINT WARNING * * *
Robin says, "Bow before me, strongest of all the hobgoblins!"
The goblin attacks as you move away! The goblin hits you but does no damage.
Robin throws the goblin at you!
You die...

..##. .........
[..#.#.........
.....##.>......
#(..#........
#...gg...... #
#.#g........ .
#.g.g....... #
####g.#####.######
#@ggg.# ##....
#...g.#g.## #....
....#####.## #....
## #.# #####<..)
#.######........
#........###....
#.######## #....
### #####


You could see Robin, a hobgoblin (strong) and 5 goblins.

Vanquished Creatures
  2 bats (D:1)
  6 endoplasms (D:1)
  5 goblins
  A hobgoblin (D:1)
  2 jackals (D:1)
  6 kobolds (D:1)
  A quokka (D:1)
  A ball python (D:1)
  2 frilled lizards (D:1)
  A rat (D:1)
27 creatures vanquished.

Notes
Turn   | Place    | Note
-------+----------+-------------------------------------------
     0 | D:1      | H0rd4k the Octopode Transmuter began the quest for the Orb.
     0 | D:1      | Reached XP level 1. HP: 13/13 MP: 3/3
    32 | D:1      | Reached XP level 2. HP: 12/18 MP: 5/5
   683 | D:1      | Found a faded altar of an unknown god.
   893 | D:1      | Reached XP level 3. HP: 15/23 MP: 6/6
  1380 | D:2      | Noticed Robin
  1391 | D:2      | HP: 1/21 [goblin/+0 dagger[Robin] (4)]
  1394 | D:2      | Hit by a goblin thrown by Robin

Illustrated notes

Levels and vault maps discovered:
D:1:      saegor_arrival_miasma, layout_basic,
          shapermc_ecumenical_altar_mp_highgroup, minmay_misc_feat_square,
          minmay_heptomino_o4
D:2:      layout_rooms, minmay_rat_hole, uniq_robin, uniq_terence, uniq_natasha

Action                   || total
-------------------------++-------
Melee: Unarmed           ||    66
       Tentacles         ||    14
       Constrict         ||    11
       Punch             ||     3
 Stab: Sleeping          ||     4
Armor: Skin              ||    10
Dodge: Dodged            ||    37
